 Dungeon Crawl Stone Soup version 0.31-a0-844-gdc52ec4e09 (webtiles) character file.

Game seed: 3395638158043822920

23462 javelincjr the Fighter (level 12, -1/148 HPs)
             Began as a Demonspawn Shapeshifter on Sept 28, 2023.
             Was a High Priest of Makhleb.
             Slain by a black mamba (6 damage)
             ... on level 3 of the Lair of Beasts on Sept 29, 2023.
             The game lasted 00:46:41 (11478 turns).

javelincjr the Fighter (Demonspawn Shapeshifter)   Turns: 11478, Time: 00:46:41

Health: -1/148     AC: 30    Str: 21    XL:     12   Next: 72%
Magic:  19/19      EV:  2    Int: 17    God:    Makhleb [*****.]
Gold:   566        SH:  0    Dex: 12    Spells: 11/11 levels left

rFire   . . .        w - +6 quarterstaff (chaos)
rCold   . . .        (shield currently unavailable)
rNeg    . . .        m - melded +0 chain mail
rPois   +            W - melded +0 helmet
rElec   .            x - melded +0 cloak
rCorr   .            (gloves currently unavailable)
SInv    .            (boots currently unavailable)
Will    .....        S - amulet of regeneration
Stlth   +            h - +4 ring of protection
HPRegen 1.24/turn    A - +6 ring of intelligence
MPRegen 0.16/turn

%: no passive effects
@: tree-form
A: stationary, stasis, torment immunity, boosted hp, (claws 2), (slimy green
scales 1), demonic guardian 2, powered by pain 2
a: Renounce Religion, Minor Destruction, Lesser Servant of Makhleb, Major
Destruction, Greater Servant of Makhleb


You were on level 3 of the Lair of Beasts.
You worshipped Makhleb.
Makhleb was extremely pleased with you.
You were a tree.
You visited 2 branches of the dungeon, and saw 11 of its levels.
You also visited: Bailey.

You collected 566 gold pieces.

Inventory:

Hand Weapons
 e - a +1 dagger of venom
 f - a +4 trident of draining
 v - a +2 halberd of electrocution
 w - a +6 quarterstaff of chaos (weapon)
 y - a +1 hammer of distortion
 z - a +1 vampiric whip
 E - a +3 spear of flaming
 L - a +2 halberd of draining
 M - a +3 vampiric trident
 Y - the +2 rapier of Losege {freeze, rPois Stlth+}
   (You found it on level 3 of the Lair of Beasts)

   rPois:     It protects you from poison Stlth+: It makes you more stealthy.
 Z - a +3 sling of freezing
Missiles
 i - 2 boomerangs
 l - 20 poisoned darts
Armour
 a - a +0 animal skin
 j - an orb of mayhem
 k - a +1 robe of positive energy
 m - a +0 chain mail (melded)
 x - a +0 cloak (melded)
 N - a +0 kite shield
 Q - a +3 leather armour of fire resistance
 W - a +0 helmet (melded)
Jewellery
 h - a +4 ring of protection (left branch)
 A - a +6 ring of intelligence (right branch)
 S - an amulet of regeneration (around neck)
 V - a ring of protection from cold
 X - a +5 ring of evasion
Talismans
 c - a beast talisman
 d - a flux talisman
 n - a granite talisman
Wands
 b - a wand of roots (7)
 P - a wand of polymorph (2)
 R - a wand of charming (12)
Scrolls
 g - 9 scrolls of identify {unknown}
 p - a scroll of fog
 B - a scroll of blinking {unknown}
 C - 2 scrolls of immolation {unknown}
 D - 2 scrolls of enchant armour {unknown}
 T - a scroll of acquirement {unknown}
 U - 2 scrolls of vulnerability
Potions
 q - 4 potions of curing
 r - 3 potions of haste
 s - 2 potions of attraction {unknown}
 t - a potion of berserk rage {unknown}
 u - 5 potions of might {unknown}
 F - 2 potions of brilliance
 G - 2 potions of resistance
 H - 2 potions of mutation {unknown}
 I - 2 potions of invisibility {unknown}
 J - 2 potions of magic {unknown}
 O - 3 potions of enlightenment {unknown}


   Skills:
 * Level 10.6 Fighting
 + Level 6.8 Armour
 + Level 7.2 Dodging
 + Level 4.7 Shields
 + Level 7.4 Unarmed Combat
 + Level 9.3 Invocations
 * Level 9.4 Shapeshifting


You had 11 spell levels left.
You didn't know any spells.
Your spell library contained the following spells:

 Spells                   Type           Power      Damage    Failure   Level
 Freeze                   Ice            0%         1d3       24%         1
 Frozen Ramparts          Ice            0%         1d1       56%         3
 Hailstorm                Conj/Ice       0%         3d3       56%         3
 Petrify                  Tmut/Erth      0%         N/A       93%         4
 Metabolic Englaciation   Hex/Ice        0%         N/A       100%        5


Dungeon Overview and Level Annotations

Branches:
Dungeon (8/15)             Temple (0/1) D:5            Lair (3/5) D:8
  Swamp (0/4) Lair:2       Bailey (visited)
  Snake: Lair:2-3    Spider: Lair:2-3

Altars:
Ashenzari
Hepliaklqana
Makhleb
Ru
Xom

Shops:
D:2 ?

Annotations:
Lair:1 3 runed translucent doors, Dittersdorf's ghost, journeyman GrFi
Lair:2 2 transporters


Innate Abilities, Weirdness & Mutations

You are a tree.
Your roots penetrate the ground, keeping you stationary.
You cannot be teleported.
You are immune to unholy pain and torment.
Your maximum health is greatly increased.
Your equipment is partially melded.
((You have very sharp fingernails.))
((You are partially covered in slimy green scales. (AC +2)))
A demonic guardian rushes to your aid.
You sometimes gain power by taking damage.


Message History

The elephant tramples you but does no damage.
The elephant trunk-slaps you but does no damage.
The blink frog hits you but does no damage.
The black mamba bites you but does no damage.
You hit the elephant.
The elephant is heavily wounded.
The black mamba bites you but does no damage.
The blink frog hits you but does no damage. x2
The elephant tramples you but does no damage.
The elephant trunk-slaps you but does no damage.
The blink frog hits you but does no damage.
Your hellwing completely misses the blink frog.
Your hellwing hits the blink frog!
The black mamba bites you but does no damage.
The blink frog hits you but does no damage.
The blink frog closely misses your hellwing.
The elephant tramples you.
* * * LOW HITPOINT WARNING * * *
The elephant trunk-slaps you but does no damage.
You hit the elephant but do no damage.
The elephant seems to slow down.
The elephant is heavily wounded.
The elephant is no longer moving slowly.
The black mamba barely misses you.
The blink frog hits you but does no damage.
The blink frog misses your hellwing.
Your hellwing barely misses the blink frog.
Your hellwing hits the blink frog.
The black mamba bites you but does no damage.
The blink frog blinks!
The blink frog hits you.
* * * LOW HITPOINT WARNING * * *
A demonic guardian appears!
The blink frog blinks!
The blink frog hits you!
* * * LOW HITPOINT WARNING * * *
The blink frog blinks!
Your hellwing misses the blink frog. Your hellwing hits the blink frog.
The blink frog barely misses your hellwing.
The black mamba bites you but does no damage.
You sock the elephant! Lightning courses through the elephant!
The elephant is almost dead.
The black mamba bites you.
You die...

...♣ ♣.÷.♣ ... ♣♣♣♣
♣♣.♣♣ ... #.
######♣.♣#######.# ##..
....†..........#.##...#
.♣♣♣♣♣...♣♣♣♣♣.#..#..###
.♣ ♣.♣.♣ ♣......#..#
.♣♣♣♣♣...♣♣♣♣♣.#....F.#
...†.).........#§Y....#.
################♣4F....#
......F§S.....#
......4........
....F..........
..............#
.............##
#...........##
.##.........#


You could see an elephant, a black mamba, 4 blink frogs, a friendly hellwing
(summoned) and a friendly rust devil (summoned).

Vanquished Creatures
  A hydra (Lair:2)
  A death yak (Lair:3)
  A skyshark (Lair:3)
  2 lindwurms (Lair:3)
  12 elephants
  5 black mambas
  9 cane toads
  Joseph (D:8)
  5 komodo dragons
  A rime drake (Lair:1)
  2 polar bears
  3 blink frogs (Lair:2)
  A dream sheep (Lair:3)
  5 yaks
  2 basilisks (Lair:1)
  2 wyverns (Lair:3)
  3 vampire mosquitoes (Lair:2)
  8 water moccasins
  An acid dragon (D:8)
  2 orc warriors
  A black bear (D:4)
  A sky beast (D:7)
  2 ice beasts
  2 ogres
  4 wolves (Lair:1)
  4 centaurs
  A kobold brigand (D:7)
  10 bullfrogs
  A gnoll sergeant (D:6)
  2 scorpions
  10 wights
  3 killer bees (D:8)
  5 howler monkeys
  2 jellies
  6 hounds
  A gnoll bouda (D:7)
  Crazy Yiuf (D:5)
  4 orc priests
  3 iguanas (D:5)
  Ijyb (D:3)
  A sleepcap (D:6)
  4 orc wizards
  23 gnolls
  8 adders
  A shadow imp (D:7)
  3 white imps
  An ufetubus (D:6)
  A worm (D:2)
  4 dart slugs
  30 orcs
  7 ball pythons
  3 bats
  7 endoplasms
  3 giant cockroaches
  7 goblins
  5 hobgoblins
  6 quokkas
  2 frilled lizards
  11 kobolds
  5 rats
263 creatures vanquished.

Vanquished Creatures (collateral kills)
  A skyshark (Lair:2)
  2 elephants
  Jeremiah (D:7)
  A blink frog (Lair:3)
  A yak (Lair:1)
  4 vampire mosquitoes (Lair:2)
  2 water moccasins
  An orc warrior (D:7)
  A centaur (D:8)
  A kobold brigand (D:8)
  A bullfrog (Lair:3)
  A gnoll sergeant (D:8)
  A wight (D:8)
  3 gnolls
  A worm (D:3)
  An orc (D:8)
  A hobgoblin (D:3)
  2 ball pythons (D:3)
  2 kobolds
28 creatures vanquished.

Vanquished Creatures (others)
  A centaur zombie (D:8)
1 creature vanquished.

Grand Total: 292 creatures vanquished

Notes
Turn   | Place    | Note
-------+----------+-------------------------------------------
     0 | D:1      | javelincjr the Demonspawn Shapeshifter began the quest for
                  | the Orb.
     0 | D:1      | Reached XP level 1. HP: 15/15 MP: 1/1
    53 | D:1      | You fall into a shaft and drop 1 floor!
   111 | D:2      | Found Jyogec's Magic Scroll Shop.
   189 | D:2      | Gained mutation: You sometimes gain a little power by
                  | taking damage. [demonic ancestry]
   189 | D:2      | Reached XP level 2. HP: 21/21 MP: 2/2
   375 | D:1      | Found a faded altar of an unknown god.
   388 | D:1      | Prayed at the altar of an unknown god.
   388 | D:1      | Became a worshipper of Makhleb the Destroyer
   388 | D:1      | Reached * piety under Makhleb
   590 | D:1      | Gained mutation: A weak demonic guardian rushes to your
                  | aid. [demonic ancestry]
   590 | D:1      | Reached XP level 3. HP: 26/26 MP: 3/3
  1260 | D:2      | Reached skill level 2 in Fighting
  1271 | D:2      | Gained mutation: You have sharp fingernails. [demonic
                  | ancestry]
  1271 | D:2      | Reached XP level 4. HP: 29/33 MP: 4/4
  1432 | D:2      | HP: 1/33 [gnoll/+0 spear (4)]
  1755 | D:3      | Reached ** piety under Makhleb
  1834 | D:3      | Reached XP level 5. HP: 30/39 MP: 5/5
  1903 | D:3      | Noticed Ijyb
  1916 | D:3      | Killed Ijyb
  1917 | D:3      | Reached skill level 1 in Invocations
  2457 | D:4      | Found a shimmering altar of Xom.
  2477 | D:4      | Found a broken altar of Ashenzari.
  2493 | D:4      | Noticed a black bear
  2498 | D:4      | Killed a black bear
  2499 | D:4      | Reached skill level 3 in Fighting
  2499 | D:4      | Reached skill level 1 in Armour
  2499 | D:4      | Reached XP level 6. HP: 47/47 MP: 7/7
  2955 | D:5      | Entered Level 5 of the Dungeon
  3287 | D:5      | Found a staircase to the Ecumenical Temple.
  3394 | D:5      | Noticed an ice beast
  3401 | D:5      | Killed an ice beast
  3402 | D:5      | Gained mutation: You are partially covered in slimy green
                  | scales. (AC +2) [demonic ancestry]
  3402 | D:5      | Reached XP level 7. HP: 48/53 MP: 8/8
  3453 | D:5      | Found a sacrificial altar of Ru.
  3470 | D:5      | Reached *** piety under Makhleb
  3611 | D:5      | Found a runed translucent door.
  3612 | D:5      | Noticed Crazy Yiuf
  3745 | D:5      | Killed Crazy Yiuf
  3870 | D:6      | Reached skill level 4 in Fighting
  4296 | D:6      | Reached XP level 8. HP: 61/61 MP: 10/10
  4345 | D:6      | Reached skill level 5 in Shapeshifting
  4646 | D:6      | Found a hazy altar of Hepliaklqana.
  4749 | D:6      | Reached skill level 5 in Fighting
  5072 | D:7      | Noticed Jeremiah
  5184 | D:7      | Killed Jeremiah
  5199 | D:7      | HP: 1/63 [orc warrior/+0 hand axe (8)]
  5216 | D:7      | Reached **** piety under Makhleb
  5493 | D:7      | Gained mutation: A demonic guardian rushes to your aid.
                  | [demonic ancestry]
  5493 | D:7      | Reached XP level 9. HP: 61/69 MP: 12/12
  5730 | D:7      | Reached skill level 6 in Fighting
  5834 | D:7      | Reached skill level 5 in Invocations
  5849 | D:7      | Reached skill level 5 in Unarmed Combat
  6272 | D:8      | Found a flagged portal.
  6323 | Bailey   | Entered a bailey
  7113 | D:8      | Reached ***** piety under Makhleb
  7183 | D:8      | Reached skill level 5 in Dodging
  7315 | D:8      | Found a staircase to the Lair.
  7335 | D:8      | Reached skill level 7 in Fighting
  7439 | D:8      | Reached XP level 10. HP: 38/79 MP: 14/14
  7641 | D:8      | Noticed Joseph
  7652 | D:8      | Killed Joseph
  8136 | Lair:1   | Entered Level 1 of the Lair of Beasts
  8265 | Lair:1   | Noticed a cane toad
  8280 | Lair:1   | Killed a cane toad
  8555 | Lair:1   | Noticed a black mamba
  8563 | Lair:1   | Killed a black mamba
  8564 | Lair:1   | Reached skill level 1 in Shields
  8605 | Lair:1   | Noticed an elephant
  8606 | Lair:1   | Noticed an elephant
  8633 | Lair:1   | Killed an elephant
  8638 | Lair:1   | Killed an elephant
  8639 | Lair:1   | Reached skill level 8 in Fighting
  8663 | Lair:1   | Noticed an elephant
  8667 | Lair:1   | Noticed an elephant
  8669 | Lair:1   | Noticed an elephant
  8669 | Lair:1   | Noticed an elephant
  8681 | Lair:1   | Killed an elephant
  8699 | Lair:1   | Killed an elephant
  8700 | Lair:1   | Reached skill level 5 in Armour
  8707 | Lair:1   | Killed an elephant
  8729 | Lair:1   | Killed an elephant
  8730 | Lair:1   | Gained mutation: You sometimes gain power by taking damage.
                  | [demonic ancestry]
  8730 | Lair:1   | Reached XP level 11. HP: 42/87 MP: 16/16
  9065 | Lair:1   | Found a runed translucent gate.
  9065 | Lair:1   | Found a runed translucent gate.
  9065 | Lair:1   | Found a runed translucent gate.
  9066 | Lair:1   | Noticed Dittersdorf's ghost (journeyman GrFi)
  9651 | Lair:2   | Reached skill level 9 in Fighting
  9683 | Lair:2   | Noticed a five-headed hydra
  9706 | Lair:2   | Killed a five-headed hydra
 10014 | Lair:2   | Found a transporter.
 10116 | Lair:2   | Found a staircase to the Swamp.
 10243 | Lair:2   | Gained mutation: You have very sharp fingernails. [demonic
                  | ancestry]
 10243 | Lair:2   | Reached XP level 12. HP: 96/97 MP: 18/18
 10533 | Lair:2   | Found a transporter.
 10534 | Lair:2   | Found the +9 sword of Zonguldrok {reap}
 11005 | Lair:3   | Reached skill level 10 in Fighting
 11193 | Lair:3   | Noticed a death yak
 11208 | Lair:3   | Killed a death yak
 11307 | Lair:3   | Identified the +2 rapier of Losege {freeze, rPois Stlth+}
 11477 | Lair:3   | HP: 3/148 [blink frog (10)]
 11478 | Lair:3   | Slain by a black mamba

Illustrated notes

Levels and vault maps discovered:
D:1:      roderic_crossed_star, layout_loops_ring,
          ebering_ecumenical_altar_abandoned, chequers_hall_statues_wall_a
D:2:      layout_loops_ring, serial_shops, nicolae_lakefront_shop,
          patterned_corridor
D:3:      layout_rooms, uniq_ijyb
D:4:      layout_gridville, general_overflow_altar, mainiacjoe_overflow_alcove_1
D:5:      layout_rooms, mainiacjoe_overflow_small_starburst, temple_doors_e,
          minmay_misc_feat_columns, uniq_crazy_yiuf_cottage
D:6:      cheibrodos_helix_gallery, layout_basic, nzn_hepliaklqana_mist_gate,
          corexii_hall_statues_l, item_on_display_a
D:7:      layout_layer_cave, uniq_jeremiah
D:8:      layout_loops_ring, lair_entry_dummy, enter_bailey_2,
          fungi_pond_lemuel, ebering_dispersal_statue_hall, uniq_joseph
Lair:1:   layout_cave_pods, gammafunk_ghost_necromancy,
          infiniplex_staircase_pool
Lair:2:   gammafunk_cloud_chamber, layout_regular_city,
          minmay_swamp_entry_swarm, grunt_forest_large_clearings,
          lemuel_fruit_fields
Lair:3:   nzn_winding_woodlands_stair_trap [nzn_winding_woodlands_5x15_crooked,
          nzn_winding_woodlands_5x15_concentric,
          nzn_winding_woodlands_5x15_pockets,
          nzn_winding_woodlands_15x15_five_gardens,
          nzn_winding_woodlands_5x15_pool, nzn_winding_woodlands_5x15_eye,
          nzn_winding_woodlands_5x15_garden], layout_cave_pods,
          amcnicky_mini_pool_medium

Skill      XL: |  1  2  3  4  5  6  7  8  9 10 11 12 |
---------------+-------------------------------------+-----
Dodging        | 2 3 4 5 6 7 |  7.2
Unarmed Combat | 3 4 5 6 7 |  7.4
Shapeshifting  | 3 4 5 6 7 8 9 |  9.4
Fighting       | 2 3 4 5 7 8 9 10 | 10.6
Invocations    | 1 2 3 4 5 7 8 9 |  9.3
Armour         | 1 2 3 4 5 6 |  6.8
Shields        | 2 3 4 |  4.7

Action                     |  1- 3 |  4- 6 |  7- 9 | 10-12 || total
---------------------------+-------+-------+-------+-------++-------
  Melee: Unarmed           |   115 |   152 |   177 |   539 ||   983
         Punch             |     7 |     4 |    10 |       ||    21
         Quarterstaff      |       |       |   162 |    20 ||   182
 Invoke: Minor Destruction |       |     1 |       |       ||     1
         Lesser Servant of |       |       |       |     1 ||     1
  Evoke: Wand              |       |       |     1 |       ||     1
    Use: Potion            |       |     7 |     3 |     6 ||    16
         Scroll            |       |     1 |     8 |       ||     9
   Stab: Sleeping          |     2 |     1 |       |       ||     3
         Confused          |       |       |     2 |       ||     2
         Paralysed         |       |       |     1 |       ||     1
         Distracted        |       |       |       |     2 ||     2
 Armour: Animal skin       |    42 |    48 |       |       ||    90
         Skin              |       |    23 |       |    50 ||    73
         Chain mail        |       |    78 |   306 |   612 ||   996
  Dodge: Dodged            |    57 |   100 |   196 |   337 ||   690
   Form: Flux              |       |       |       |     1 ||     1

Table legend: (Time is in decaauts)
 A = Elapsed time spent in this place.
 B = Non-inter-level travel time spent in this place.
 C = Inter-level travel time spent in this place.
 D = Time resting spent in this place.
 E = Time spent auto-exploring this place.
 F = Levels seen in this place.
 G = Mean time per level.
                   A        B        C        D        E       F      G
               +--------+--------+--------+--------+--------+-----+--------+
         Total |  11407 |  11062 |    345 |    937 |   7506 |  12 |  950.6 |
       Dungeon |   7387 |   7129 |    258 |    471 |   5266 |   8 |  923.4 |
          Lair |   3266 |   3179 |     87 |    264 |   1980 |   3 | 1088.7 |
        Bailey |    754 |    754 |      0 |    202 |    260 |   1 |  754.0 |
               +--------+--------+--------+--------+--------+-----+--------+

Top non-repeatable levels by time:
  Lair:1: 1436 daAuts
  Lair:2: 1301 daAuts
     D:7: 1280 daAuts
     D:8: 1139 daAuts
     D:6: 1138 daAuts
     D:2: 954 daAuts
     D:5: 888 daAuts
     D:1: 769 daAuts
  Bailey: 754 daAuts
     D:4: 677 daAuts
     D:3: 538 daAuts
  Lair:3: 528 daAuts
